| TOP OF THE 1ST |
|
Williamsport Greys batting - Pitching for Oneonta Indians : RHP Ken Howell
|
|
Pitching: RHP Ken Howell
|
|
|
Batting: RHB Omar Garcia
|
0-0: Swinging Strike 0-1: Foul Ball, location: 2F 0-2: Ground out 6-3 (Groundball, 6, EV 88.8 MPH)
|
|
Batting: RHB Alonzo Powell
|
0-0: Ball 1-0: Called Strike 1-1: Foul Ball, location: 2F 1-2: Fly out, F9 (Flyball, 89M, EV 93.8 MPH)
|
|
Batting: LHB Angel Bayron
|
0-0: Ball 1-0: Called Strike 1-1: Ball 2-1: Called Strike 2-2: DOUBLE (Line Drive, 8RD, EV 104.4 MPH)
|
|
Batting: SHB Rico Avalos
|
0-0: Ball 1-0: Foul Ball, location: 2F 1-1: DOUBLE (Line Drive, 89D, EV 108.1 MPH) Angel Bayron scores
|
|
Batting: RHB Doug Carpenter
|
0-0: Called Strike 0-1: Ball 1-1: Foul Ball, location: 2F 1-2: 2-RUN HOME RUN (Flyball, 7D, EV 101.9 MPH), Distance : 387 ft
|
|
Batting: SHB Edwin Darling
|
0-0: Ball 1-0: Ground out 5-3 (Groundball, 5L, EV 100.0 MPH)
|
| Top of the 1st over - 3 runs, 3 hits, 0 errors, 0 left on base; Williamsport 3 - Oneonta 0 |
| BOTTOM OF THE 1ST |
|
Oneonta Indians batting - Pitching for Williamsport Greys : RHP Glenn Barling
|
|
Pitching: RHP Glenn Barling
|
|
|
Batting: RHB Mitchell Olson
|
0-0: Ball 1-0: Ball 2-0: Ball 3-0: Called Strike 3-1: Foul Ball, location: 2F 3-2: Base on Balls
|
|
Batting: RHB William Luzinski
|
0-0: Ball 1-0: Ball 2-0: Foul Ball, location: 2F 2-1: Called Strike 2-2: Grounds into double play, 6-4-3 (Groundball, 6M, EV 100.6 MPH)
|
|
Batting: LHB Lenny Nay
|
0-0: Swinging Strike 0-1: Ball 1-1: Swinging Strike 1-2: Ball 2-2: Foul Ball, location: 2F 2-2: Strikes out looking
|
| Bottom of the 1st over - 0 runs, 0 hits, 0 errors, 0 left on base; Williamsport 3 - Oneonta 0 |
| TOP OF THE 2ND |
|
Williamsport Greys batting - Pitching for Oneonta Indians : RHP Ken Howell
|
|
Batting: RHB Eddie Williams
|
0-0: Fly out, F9 (Flyball, 89M, EV 90.0 MPH)
|
|
Batting: SHB Chris Howard
|
0-0: Ball 1-0: Swinging Strike 1-1: Swinging Strike 1-2: Strikes out swinging
|
|
Batting: RHB Brad Luther
|
0-0: Swinging Strike 0-1: Called Strike 0-2: Ball 1-2: Ground out U3 (Groundball, 34, EV 98.1 MPH)
|
| Top of the 2nd over - 0 runs, 0 hits, 0 errors, 0 left on base; Williamsport 3 - Oneonta 0 |
| BOTTOM OF THE 2ND |
|
Oneonta Indians batting - Pitching for Williamsport Greys : RHP Glenn Barling
|
|
Batting: LHB Frank Martinez
|
0-0: Ball 1-0: Called Strike 1-1: Called Strike 1-2: Ball 2-2: Foul Ball, location: 2F 2-2: Strikes out swinging
|
|
Batting: RHB Marcos Rodriguez
|
0-0: Foul Ball, location: 2F 0-1: Ball 1-1: Ball 2-1: Ball 3-1: Foul Ball, location: 2F 3-2: Strikes out swinging
|
|
Batting: SHB Elvin Fulgencio
|
0-0: Ball 1-0: Ball 2-0: Called Strike 2-1: Foul Ball, location: 2F 2-2: Foul Ball, location: 2F 2-2: Foul Ball, location: 2F 2-2: Ball 3-2: Foul Ball, location: 2F 3-2: Strikes out swinging
|
| Bottom of the 2nd over - 0 runs, 0 hits, 0 errors, 0 left on base; Williamsport 3 - Oneonta 0 |
| TOP OF THE 3RD |
|
Williamsport Greys batting - Pitching for Oneonta Indians : RHP Ken Howell
|
|
Batting: RHB Omar Garcia
|
0-0: Ball 1-0: Ball 2-0: Foul Ball, location: 2F 2-1: Fly out, F3 (Line Drive, 3, EV 70.0 MPH)
|
|
Batting: RHB Alonzo Powell
|
0-0: Ball 1-0: SOLO HOME RUN (Flyball, 78XD, EV 84.4 MPH) (Inside the Park)
|
|
Batting: LHB Angel Bayron
|
0-0: Ball 1-0: Called Strike 1-1: Swinging Strike 1-2: Ball 2-2: Ball 3-2: Strikes out looking
|
|
Batting: SHB Rico Avalos
|
0-0: Ball 1-0: Called Strike 1-1: Foul Ball, location: 2F 1-2: Ball 2-2: Ball 3-2: Strikes out swinging
|
| Top of the 3rd over - 1 run, 1 hit, 0 errors, 0 left on base; Williamsport 4 - Oneonta 0 |
| BOTTOM OF THE 3RD |
|
Oneonta Indians batting - Pitching for Williamsport Greys : RHP Glenn Barling
|
|
Batting: LHB Gary Venner
|
0-0: Ground out 4-3 (Groundball, 4MD, EV 85.0 MPH)
|
|
Batting: RHB Alberto Zappala
|
0-0: Swinging Strike 0-1: Ball 1-1: Ball 2-1: Ground out 6-3 (Groundball, 6S, EV 78.8 MPH)
|
|
Batting: RHB Keith Flenoir
|
0-0: Ball 1-0: Ground out U3 (Groundball, 34, EV 98.1 MPH)
|
| Bottom of the 3rd over - 0 runs, 0 hits, 0 errors, 0 left on base; Williamsport 4 - Oneonta 0 |
| TOP OF THE 4TH |
|
Williamsport Greys batting - Pitching for Oneonta Indians : RHP Ken Howell
|
|
Batting: RHB Doug Carpenter
|
0-0: Called Strike 0-1: Called Strike 0-2: Ball 1-2: Ball 2-2: Foul Ball, location: 2F 2-2: Ball 3-2: Ground out 1-3 (Groundball, 13, EV 71.3 MPH)
|
|
Batting: SHB Edwin Darling
|
0-0: Fly out, F9 (Flyball, 9LM, EV 87.5 MPH)
|
|
Batting: RHB Eddie Williams
|
0-0: Ball 1-0: Swinging Strike 1-1: Called Strike 1-2: Foul Ball, location: 2F 1-2: Foul Ball, location: 2F 1-2: Ball 2-2: Foul Ball, location: 2F 2-2: Strikes out swinging
|
| Top of the 4th over - 0 runs, 0 hits, 0 errors, 0 left on base; Williamsport 4 - Oneonta 0 |
| BOTTOM OF THE 4TH |
|
Oneonta Indians batting - Pitching for Williamsport Greys : RHP Glenn Barling
|
|
Batting: RHB Mitchell Olson
|
0-0: Called Strike 0-1: Ball 1-1: Foul Ball, location: 2F 1-2: Ball 2-2: Foul Ball, location: 2F 2-2: Strikes out looking
|
|
Batting: RHB William Luzinski
|
0-0: Foul Ball, location: 2F 0-1: Ball 1-1: Ball 2-1: Ball 3-1: Swinging Strike 3-2: Base on Balls
|
|
Batting: LHB Lenny Nay
|
0-0: Swinging Strike 0-1: Swinging Strike 0-2: Ball 1-2: Foul Ball, location: 2F 1-2: Ball 2-2: Fly out, F9 (Flyball, 9LM, EV 88.1 MPH)
|
|
Batting: LHB Frank Martinez
|
0-0: Ball 1-0: Ball 2-0: Called Strike 2-1: Ball 3-1: Base on Balls William Luzinski to second
|
|
Batting: RHB Marcos Rodriguez
|
0-0: Ball 1-0: DOUBLE (Line Drive, 78D, EV 107.5 MPH) William Luzinski scores Frank Martinez to third Runner from 3rd tries for Home, SAFE, no throw by CF
|
|
Batting: SHB Elvin Fulgencio
|
0-0: Ball 1-0: Ball 2-0: Ground out U3 (Groundball, 3L, EV 103.8 MPH)
|
| Bottom of the 4th over - 2 runs, 1 hit, 0 errors, 1 left on base; Williamsport 4 - Oneonta 2 |
| TOP OF THE 5TH |
|
Williamsport Greys batting - Pitching for Oneonta Indians : RHP Ken Howell
|
|
Batting: SHB Chris Howard
|
0-0: Called Strike 0-1: Ground out 5-3 (Groundball, 56, EV 100.0 MPH)
|
|
Batting: RHB Brad Luther
|
0-0: Ball 1-0: Reached on error, E6 (Groundball, 6, EV 84.4 MPH)
|
|
Batting: RHB Omar Garcia
|
0-0: Ball 1-0: Ball 2-0: Foul Ball, location: 2F 2-1: Foul Ball, location: 2F 2-2: Foul Ball, location: 2F 2-2: Strikes out swinging
|
|
Batting: RHB Alonzo Powell
|
0-0: Ball 1-0: Ball 2-0: Ball 3-0: Base on Balls Brad Luther to second
|
|
Batting: LHB Angel Bayron
|
0-0: Foul Ball, location: 2F 0-1: Ball 1-1: Ball 2-1: Fly out, F8 (Line Drive, 8RD, EV 105.6 MPH)
|
| Top of the 5th over - 0 runs, 0 hits, 1 error, 2 left on base; Williamsport 4 - Oneonta 2 |
| BOTTOM OF THE 5TH |
|
Oneonta Indians batting - Pitching for Williamsport Greys : RHP Glenn Barling
|
|
Batting: LHB Gary Venner
|
0-0: Called Strike 0-1: Swinging Strike 0-2: Ball 1-2: Ball 2-2: Foul Ball, location: 2F 2-2: SINGLE (Flyball, 34D, EV 91.9 MPH)
|
|
Batting: RHB Alberto Zappala
|
0-0: Called Strike 0-1: Called Strike 0-2: Ball 1-2: Foul Ball, location: 2F 1-2: Ball 2-2: Foul Ball, location: 2F 2-2: Foul Ball, location: 2F 2-2: Ball 3-2: Foul Ball, location: 2F 3-2: Base on Balls Gary Venner to second
|
|
Batting: RHB Keith Flenoir
|
0-0: Ball 1-0: Sac Bunt to 2R - play at first, batter OUT! 2-4 Gary Venner to third Alberto Zappala to second
|
|
Batting: RHB Mitchell Olson
|
0-0: Called Strike 0-1: SINGLE (Line Drive, 8RS, EV 108.8 MPH) Gary Venner scores Alberto Zappala to third
|
|
Batting: RHB William Luzinski
|
0-0: Called Strike 0-1: Ball 1-1: Ball 2-1: Ball 3-1: Fly out, F7 (Flyball, 7S, EV 70.6 MPH)
|
|
Batting: LHB Lenny Nay
|
0-0: Called Strike 0-1: Fielders Choice at 2nd, 5-4 (Groundball, 56, EV 96.3 MPH)
|
| Bottom of the 5th over - 1 run, 2 hits, 0 errors, 2 left on base; Williamsport 4 - Oneonta 3 |
| TOP OF THE 6TH |
|
Williamsport Greys batting - Pitching for Oneonta Indians : RHP Ken Howell
|
|
Batting: SHB Rico Avalos
|
0-0: Swinging Strike 0-1: Ball 1-1: Ball 2-1: Ball 3-1: Base on Balls
|
|
Batting: RHB Doug Carpenter
|
0-0: Called Strike 0-1: Ball 1-1: Swinging Strike 1-2: Strikes out swinging
|
|
Batting: SHB Edwin Darling
|
0-0: Ball 1-0: Swinging Strike 1-1: Ball 2-1: Ball 3-1: Foul Ball, location: 2F 3-2: Foul Ball, location: 2F 3-2: Ground out 6-3 (Groundball, 6, EV 93.1 MPH) Rico Avalos to second
|
|
Batting: RHB Eddie Williams
|
0-0: Ground out 6-3 (Groundball, 6, EV 81.9 MPH)
|
| Top of the 6th over - 0 runs, 0 hits, 0 errors, 1 left on base; Williamsport 4 - Oneonta 3 |
| BOTTOM OF THE 6TH |
|
Oneonta Indians batting - Pitching for Williamsport Greys : RHP Glenn Barling
|
|
Batting: LHB Frank Martinez
|
0-0: Called Strike 0-1: Ball 1-1: Ball 2-1: Ground out 5-3 (Groundball, 5L, EV 83.1 MPH)
|
|
Batting: RHB Marcos Rodriguez
|
0-0: Called Strike 0-1: Foul Ball, location: 2F 0-2: Foul Ball, location: 2F 0-2: Foul Ball, location: 2F 0-2: Strikes out swinging
|
|
Batting: SHB Elvin Fulgencio
|
0-0: Called Strike 0-1: Swinging Strike 0-2: Strikes out swinging
|
| Bottom of the 6th over - 0 runs, 0 hits, 0 errors, 0 left on base; Williamsport 4 - Oneonta 3 |
| TOP OF THE 7TH |
|
Williamsport Greys batting - Pitching for Oneonta Indians : RHP Ken Howell
|
|
Batting: SHB Chris Howard
|
0-0: Ball 1-0: Swinging Strike 1-1: Ball 2-1: Foul Ball, location: 2F 2-2: Ball 3-2: Base on Balls
|
|
Batting: RHB Brad Luther
|
0-0: Called Strike 0-1: Ball 1-1: Ball 2-1: Ball 3-1: Base on Balls Chris Howard to second
|
|
Pitching: RHP Jeff Mihlbachler
|
|
|
Pinch Runner at 2nd Bobby Buchanon:
|
|
|
Batting: RHB Omar Garcia
|
0-0: Bunted foul 0-1: Bunted foul 0-2: SINGLE (Groundball, 4D, EV 102.5 MPH) Bobby Buchanon to third Brad Luther to second Runner from 3rd tries for Home, SAFE, throw by CF to home
|
|
Batting: RHB Alonzo Powell
|
0-0: Sac Bunt to P - play at first, batter OUT! 1-3 Brad Luther to third Omar Garcia to second
|
|
Batting: LHB Angel Bayron
|
0-0: Called Strike 0-1: Ball 1-1: Foul Ball, location: 2F 1-2: Ball 2-2: Ball 3-2: Ground out U3 (Groundball, 34, EV 104.4 MPH) Brad Luther scores Omar Garcia to third
|
|
Batting: SHB Rico Avalos
|
0-0: SINGLE (Groundball, 4MD, EV 99.4 MPH) Omar Garcia scores
|
|
Batting: RHB Doug Carpenter
|
0-0: Called Strike 0-1: Foul Ball, location: 2F 0-2: Ball 1-2: Ball 2-2: Ball 3-2: Foul Ball, location: 2F 3-2: DOUBLE (Line Drive, 7LM, EV 106.9 MPH) Rico Avalos to third Rico Avalos scores
|
|
Batting: SHB Edwin Darling
|
0-0: Swinging Strike 0-1: Ball 1-1: Called Strike 1-2: Strikes out looking
|
| Top of the 7th over - 4 runs, 3 hits, 0 errors, 1 left on base; Williamsport 8 - Oneonta 3 |
| BOTTOM OF THE 7TH |
|
Oneonta Indians batting - Pitching for Williamsport Greys : RHP Glenn Barling
|
|
Now at 2B: Manny Soto
|
|
|
Batting: LHB Gary Venner
|
0-0: Ball 1-0: Fly out, F9 (Line Drive, 9, EV 86.3 MPH)
|
|
Batting: RHB Alberto Zappala
|
0-0: Called Strike 0-1: Called Strike 0-2: SINGLE (Groundball, 6MD, EV 104.4 MPH)
|
|
Batting: RHB Keith Flenoir
|
0-0: Called Strike 0-1: Foul Ball, location: 2F 0-2: Strikes out swinging
|
|
Batting: RHB Mitchell Olson
|
0-0: Ball 1-0: Foul Ball, location: 2F 1-1: Called Strike 1-2: Ball 2-2: Fly out, F7 (Flyball, 7LD, EV 108.1 MPH)
|
| Bottom of the 7th over - 0 runs, 1 hit, 0 errors, 1 left on base; Williamsport 8 - Oneonta 3 |
| TOP OF THE 8TH |
|
Williamsport Greys batting - Pitching for Oneonta Indians : RHP Jeff Mihlbachler
|
|
Batting: RHB Eddie Williams
|
0-0: Ball 1-0: Foul Ball, location: 2F 1-1: Fly out, F5 (Line Drive, 5, EV 73.8 MPH)
|
|
Batting: RHB Manny Soto
|
0-0: Ball 1-0: DOUBLE (Flyball, 8RD, EV 94.4 MPH)
|
|
Batting: RHB Brad Luther
|
0-0: Ball 1-0: Ground out 4-3 (Groundball, 34, EV 80.0 MPH) Manny Soto to third
|
|
Batting: RHB Omar Garcia
|
0-0: Called Strike 0-1: Fly out, F5 (Line Drive, 5, EV 66.3 MPH)
|
| Top of the 8th over - 0 runs, 1 hit, 0 errors, 1 left on base; Williamsport 8 - Oneonta 3 |
| BOTTOM OF THE 8TH |
|
Oneonta Indians batting - Pitching for Williamsport Greys : RHP Glenn Barling
|
|
Batting: RHB William Luzinski
|
0-0: Foul Ball, location: 2F 0-1: Ball 1-1: Ball 2-1: Foul Ball, location: 2F 2-2: SINGLE (Flyball, 34D, EV 92.5 MPH)
|
|
Batting: LHB Lenny Nay
|
0-0: Ball 1-0: Foul Ball, location: 2F 1-1: Called Strike 1-2: Foul Ball, location: 2F 1-2: Ball 2-2: Ball 3-2: Base on Balls William Luzinski to second
|
|
Batting: LHB Frank Martinez
|
0-0: Fielders Choice at 2nd, 6-4 (Groundball, 6, EV 93.8 MPH) William Luzinski to third
|
|
Batting: RHB Marcos Rodriguez
|
0-0: Ball 1-0: Foul Ball, location: 2F 1-1: Foul Ball, location: 2F 1-2: Foul Ball, location: 2F 1-2: Ball 2-2: Ball 3-2: Strikes out swinging
|
|
Batting: SHB Elvin Fulgencio
|
0-0: Called Strike 0-1: Fly out, F8 (Line Drive, 8RD, EV 93.8 MPH)
|
| Bottom of the 8th over - 0 runs, 1 hit, 0 errors, 2 left on base; Williamsport 8 - Oneonta 3 |
| TOP OF THE 9TH |
|
Williamsport Greys batting - Pitching for Oneonta Indians : RHP Jeff Mihlbachler
|
|
Batting: RHB Alonzo Powell
|
0-0: Ball 1-0: Ball 2-0: Called Strike 2-1: Ball 3-1: Base on Balls
|
|
Batting: LHB Angel Bayron
|
0-0: Ball 1-0: Ball 2-0: Ball 3-0: Called Strike 3-1: Base on Balls Alonzo Powell to second
|
|
Batting: SHB Rico Avalos
|
0-0: Ball 1-0: Ball 2-0: Ball 3-0: Called Strike 3-1: Fly out, F2 (Popup, 2LF, EV 87.5 MPH)
|
|
Batting: RHB Doug Carpenter
|
0-0: Called Strike 0-1: Called Strike 0-2: Ball 1-2: Foul Ball, location: 2F 1-2: Ball 2-2: Ball 3-2: Base on Balls Alonzo Powell to third Angel Bayron to second
|
|
Batting: SHB Edwin Darling
|
0-0: Ball 1-0: Fly out, F9 (Line Drive, 9, EV 88.1 MPH)
|
|
Batting: RHB Eddie Williams
|
0-0: Ball 1-0: SINGLE (Line Drive, 8LS, EV 100.0 MPH) Alonzo Powell scores Angel Bayron to third Doug Carpenter to second Runner from 3rd tries for Home, SAFE, throw by CF to home
|
|
Batting: RHB Manny Soto
|
0-0: Called Strike 0-1: Foul Ball, location: 2F 0-2: Fly out, F9 (Line Drive, 9, EV 90.0 MPH)
|
| Top of the 9th over - 2 runs, 1 hit, 0 errors, 2 left on base; Williamsport 10 - Oneonta 3 |
| BOTTOM OF THE 9TH |
|
Oneonta Indians batting - Pitching for Williamsport Greys : RHP Glenn Barling
|
|
Pinch Hitting: RHB Patrick O'Hara
|
0-0: Ball 1-0: Called Strike 1-1: Ground out 5-3 (Groundball, 56S, EV 86.9 MPH)
|
|
Batting: RHB Alberto Zappala
|
0-0: Foul Ball, location: 2F 0-1: Ground out 6-3 (Groundball, 6, EV 78.1 MPH)
|
|
Batting: RHB Keith Flenoir
|
0-0: Fly out, F9 (Flyball, 9LM, EV 88.1 MPH)
|
| Bottom of the 9th over - 0 runs, 0 hits, 0 errors, 0 left on base; Williamsport 10 - Oneonta 3 |
|